 Dungeon Crawl Stone Soup version 0.27.0 (webtiles) character file.

Game seed: 12828565369629622384

42 ZARRMARR the Cudgeller (level 3, 0/23 HPs)
             Began as a Gargoyle Monk on July 30, 2021.
             Slain by Grinder (2 damage)
             ... while paralysed by Grinder
             ... on level 3 of the Dungeon.
             The game lasted 00:09:57 (1766 turns).

ZARRMARR the Cudgeller (Gargoyle Monk)              Turns: 1766, Time: 00:09:59

Health: 0/23       AC:  5    Str: 15    XL:     3   Next: 56%
Magic:  3/3        EV:  2    Int: 10    God:
Gold:   94         SH:  0    Dex: 12    Spells: 2/2 levels left

rFire    . . .     SeeInvis .   a - +0 mace
rCold    . . .     Faith    .   (no shield)
rNeg     + . .     Spirit   .   b - +0 robe
rPois    ∞         Reflect  .   (no helmet)
rElec    +         Harm     .   (no cloak)
rCorr    .         Rampage  .   (no gloves)
Will     .....                  (no boots)
Stlth    ++........             (no amulet)
HPRegen  0.07/turn              (no ring)
MPRegen  0.08/turn              (no ring)

@: paralysed
A: sickness immunity, AC +3, negative energy resistance 1, electricity
resistance, torment resistance 1, petrification resistance
a: no special abilities


You were on level 3 of the Dungeon.
You visited 1 branch of the dungeon, and saw 3 of its levels.

You collected 94 gold pieces.

Inventory:

Hand Weapons
 a - a +0 mace (weapon)
Missiles
 d - 74 stones
 h - 4 poisoned darts (quivered)
Armour
 b - a +0 robe (worn)
Scrolls
 c - a scroll of blinking {unknown}
 f - 2 scrolls of enchant weapon
 g - a scroll of immolation
 i - a scroll of fear
 l - 2 scrolls of magic mapping
 n - a scroll of summoning {unknown}
 p - a scroll of holy word {unknown}
Potions
 e - 2 potions of cancellation
 k - a potion of curing {unknown}
 m - a potion of mutation {unknown}
 o - 2 potions of haste {unknown}


   Skills:
 - Level 3.3 Fighting
 - Level 3.4 Maces & Flails
 * Level 2.1 Throwing
 - Level 2.5 Dodging
 - Level 2.2 Stealth


You had 2 spell levels left.
You didn't know any spells.
Your spell library was empty.

Dungeon Overview and Level Annotations

Branches:
Dungeon (3/15)

Altars:
Gozag

Annotations:
D:3 Grinder


Innate Abilities, Weirdness & Mutations

You are immune to sickness and miasma.
Your stone body is resilient. (AC +3)
You are immune to poison.
You resist negative energy. (rN+)
You are resistant to electric shocks. (rElec)
You are resistant to unholy torment.
You are immune to petrification.


Message History

Grinder is heavily wounded.
Grinder gestures at you. Pain shoots through your body!
* * * LOW HITPOINT WARNING * * *
Throw: 6 darts (poison)
Press: ? - help, Q - select action, (/) - cycle Shift-Dir - straight line, f/p - Grinder
Aim: Grinder (heavily wounded, 55% to hit)
You throw a poisoned dart.
The poisoned dart closely misses Grinder.
Grinder blinks!
Throw: 5 darts (poison)
Press: ? - help, Q - select action, (/) - cycle Shift-Dir - straight line, f/p - Grinder
Aim: Grinder (heavily wounded, 55% to hit)
You throw a poisoned dart.
The poisoned dart barely misses Grinder.
You closely miss Grinder.
Grinder is heavily wounded.
Grinder closely misses you.
You closely miss Grinder.
Grinder is heavily wounded.
Grinder completely misses you.
You closely miss Grinder.
Grinder is heavily wounded.
Grinder barely misses you. Grinder misses you.
You closely miss Grinder.
Grinder is heavily wounded.
Grinder closely misses you.
You hit Grinder but do no damage.
Grinder is heavily wounded.
Grinder misses you.
You closely miss Grinder.
Grinder is heavily wounded.
Grinder hits you but does no damage.
You closely miss Grinder.
Grinder is heavily wounded.
Grinder gestures at you.
You suddenly lose the ability to move!
Grinder hits you.
* * * LOW HITPOINT WARNING * * *
You writhe in agony.
You die...

###.#...........
........########
.............>...
###.###.#.####.## #.#
#.#..##.... # #.#
#.##.##..##
#.#####.###.##..#..#
#.#........(..###.#..##
#((((.@5(...#.........#
#....########.####....#
#... #.# #....# #.. #.#
##...# #. #.# #.#.# #
#.# #..[# #.# #...# #.#
#.... #.# #....


You could see Grinder.

Vanquished Creatures
  An adder (D:3)
  A worm (D:2)
  A dart slug (D:2)
  An orc (D:3)
  2 endoplasms (D:2)
  2 giant cockroaches (D:1)
  3 goblins
  3 hobgoblins
  3 jackals (D:2)
  3 ball pythons
  2 bats
  2 kobolds (D:1)
24 creatures vanquished.

Notes
Turn   | Place    | Note
-------+----------+-------------------------------------------
     0 | D:1      | ZARRMARR the Gargoyle Monk began the quest for the Orb.
     0 | D:1      | Reached XP level 1. HP: 14/14 MP: 1/1
   355 | D:1      | Reached XP level 2. HP: 19/19 MP: 2/2
   687 | D:2      | Found an opulent altar of Gozag.
   929 | D:2      | Reached skill level 1 in Throwing
  1122 | D:2      | Reached XP level 3. HP: 19/23 MP: 3/3
  1617 | D:3      | Found a faded altar of an unknown god.
  1731 | D:3      | Noticed Grinder
  1736 | D:3      | Paralysed by Grinder for 4 turns
  1751 | D:3      | Paralysed by Grinder for 2 turns
  1766 | D:3      | Paralysed by Grinder for 7 turns
  1766 | D:3      | Slain by Grinder

Illustrated notes

Levels and vault maps discovered:
D:1:      wander_arrival_peaceful_grave, layout_basic
D:2:      layout_rooms, basic_altar
D:3:      layout_basic, hellmonk_ecumenical_altar_heavens_door, uniq_grinder

Skill      XL: |  1  2  3 |
---------------+----------+-----
Throwing       | 1 2 |  2.1
Fighting       | |  3.3
Maces & Flails | |  3.4
Dodging        | |  2.5
Stealth        | |  2.2

Action                   || total
-------------------------++-------
Melee: Mace              ||    68
Throw: Stone             ||    25
       Dart              ||    62
  Use: Scroll            ||     6
       Potion            ||     2
 Stab: Sleeping          ||     1
Armor: Robe              ||    24
Dodge: Dodged            ||    47
